 Dungeon Crawl Stone Soup version 0.24-a0-459-g225fefd530 (webtiles) character file.

Game seed: 18337451562099758605

165 vurker the Charmwright (level 5, -6/43 HPs)
             Began as a Gnoll Skald on June 30, 2019.
             Mangled by a gnoll
             ... wielding a +0 spear
              (9 damage)
             ... on level 3 of the Dungeon.
             The game lasted 00:03:52 (2114 turns).

vurker the Charmwright (Gnoll Skald)                Turns: 2114, Time: 00:03:52

Health: -6/43      AC:  3    Str: 14    XL:     5   Next: 46%
Magic:  8/12       EV: 14    Int: 16    God:
Gold:   195        SH:  0    Dex: 14    Spells: 7/14 levels left

rFire    . . .     SeeInvis .   a - +0 spear
rCold    . . .     Gourm    .   (no shield)
rNeg     . . .     Faith    .   b - +0 leather armour
rPois    .         Spirit   .   (no helmet)
rElec    .         Reflect  .   (no cloak)
rCorr    .         Harm     .   (no gloves)
MR       .....                  (no boots)
Stlth    ++........             (no amulet)
HPRegen  1.14/turn              (no ring)
MPRegen  0.13/turn              (no ring)

@: flying, regenerating (expiring)
A: distributed training, fangs 1, strong nose
a: no special abilities


You were on level 3 of the Dungeon.
You were not hungry.

You visited 1 branch of the dungeon, and saw 3 of its levels.

You collected 195 gold pieces.

Inventory:

Hand Weapons
 a - a +0 spear (weapon)
Armour
 b - a +0 leather armour (worn)
Scrolls
 f - a scroll of teleportation {unknown}
 g - 2 scrolls of amnesia {unknown}
 i - a scroll of identify {unknown}
 j - a scroll of fog {unknown}
 k - a scroll of remove curse {unknown}
 l - a scroll of noise {unknown}
Potions
 c - 3 potions of heal wounds {unknown}
 d - 2 potions of magic {unknown}
 h - a potion of curing {unknown}
 m - a potion of flight
Comestibles
 e - 7 rations {!d}
 n - 4 chunks of flesh


   Skills:
 + Level 4.8 Fighting
 + Level 1.4 Short Blades
 + Level 1.4 Long Blades
 + Level 1.4 Axes
 + Level 1.4 Maces & Flails
 + Level 4.8 Polearms
 + Level 1.4 Staves
 + Level 1.4 Slings
 + Level 1.4 Bows
 + Level 1.4 Crossbows
 + Level 1.4 Throwing
 + Level 3.0 Armour
 + Level 4.8 Dodging
 + Level 1.4 Stealth
 + Level 1.4 Shields
 + Level 1.4 Unarmed Combat
 + Level 5.2 Spellcasting
 + Level 1.1 Conjurations
 + Level 1.1 Hexes
 + Level 5.5 Charms
 + Level 1.1 Summonings
 + Level 1.1 Necromancy
 + Level 1.1 Translocations
 + Level 1.1 Transmutations
 + Level 1.1 Fire Magic
 + Level 1.1 Ice Magic
 + Level 1.1 Air Magic
 + Level 1.1 Earth Magic
 + Level 1.1 Poison Magic
 + Level 1.6 Invocations
 + Level 1.4 Evocations


You had 7 spell levels left.
You knew the following spells:

 Your Spells              Type           Power        Failure   Level  Hunger
a - Spectral Weapon       Hex/Chrm       ##......     14%         3    ###....
c - Infusion              Chrm           ###.         1%          1    None
q - Regeneration          Chrm/Necr      ##........   14%         3    ###....

Your spell library contained the following spells:

 Spells                   Type           Power        Failure   Level  Hunger
 Song of Slaying          Chrm           ###.....     2%          2    #......
 Shroud of Golubria       Chrm/Tloc      ##....       7%          2    #......


Dungeon Overview and Level Annotations

Branches:
Dungeon (3/15)

Altars:


Innate Abilities, Weirdness & Mutations

Your experience applies equally to all skills.
You have very sharp teeth.
Your uncanny sense of smell can sniff out nearby items.


Message History

Your spectral weapon hits the gnoll from afar.
The gnoll hits you with a +0 flail!
The gnoll hits you from afar with a +0 spear.
* * * LOW HITPOINT WARNING * * *
Your skin crawls.
The gnoll hits you with a +0 flail.
* * * LOW HITPOINT WARNING * * *
An adder comes into view.
The gnoll hits you from afar with a +0 spear.
* * * LOW HITPOINT WARNING * * *
The gnoll hits your spectral weapon.
You hit the gnoll.
Your spectral weapon hits the gnoll!
You kill the gnoll!
The gnoll hits you from afar with a +0 spear.
* * * LOW HITPOINT WARNING * * *
You hit the gnoll.
Your spectral weapon hits the gnoll.
The gnoll misses you.
You hit the gnoll but do no damage.
Your spectral weapon closely misses the gnoll.
The gnoll closely misses you.
The adder barely misses your spectral weapon.
A gnoll comes into view.
You hit the gnoll.
Your spectral weapon hits the gnoll.
The gnoll misses you. The adder bites your spectral weapon.
Your spectral weapon shares its damage with you!
* * * LOW HITPOINT WARNING * * *
The gnoll barely misses you.
You hit the gnoll but do no damage. Your bite misses the gnoll.
Your skin is crawling a little less now.
Your spectral weapon hits the gnoll.
The adder barely misses your spectral weapon.
The gnoll barely misses you.
The gnoll closely misses your spectral weapon.
You hit the gnoll.
You kill the gnoll!
Your Armour skill increases to level 3!
The gnoll misses you.
Attack whom?
Aim: an adder You hit the adder.
You bite the adder, but do no damage.
Your spectral weapon barely misses the adder.
The adder barely misses you.
The gnoll hits you from afar with a +0 spear!
* * * LOW HITPOINT WARNING * * *
It was a potion of flight.
You feel very buoyant.
You fly up into the air.
Your spectral weapon fades away.
The adder bites you.
* * * LOW HITPOINT WARNING * * *
The gnoll hits you from afar with a +0 spear!
You die...

##### ##### #...# #...#
#...# #...####...#
#..........# #####
#..........# #...# #
###......#######...#....
(.)............†@Sgg....
###......###########.###
###......# ∆ .........#
.......(.# ....######
.......# ##.....#
#.....#


You could see 2 gnolls and an adder.

Vanquished Creatures
  A howler monkey (D:2)
  Terence (D:2)
  2 gnolls (D:3)
  2 adders (D:3)
  A worm (D:3)
  4 orcs (D:3)
  7 bats
  6 giant cockroaches
  4 goblins
  5 hobgoblins
  8 kobolds
  2 quokkas
  2 ball pythons
  7 frilled lizards
  6 rats
58 creatures vanquished.

Notes
Turn   | Place    | Note
-------+----------+-------------------------------------------
     0 | D:1      | vurker the Gnoll Skald began the quest for the Orb.
     0 | D:1      | Reached XP level 1. HP: 20/20 MP: 6/6
   140 | D:1      | Reached XP level 2. HP: 19/26 MP: 7/7
   569 | D:1      | Reached XP level 3. HP: 31/31 MP: 9/9
   588 | D:1      | Reached skill level 5 in Spellcasting
   764 | D:1      | Learned a level 3 spell: Regeneration
   768 | D:1      | Learned a level 3 spell: Spectral Weapon
   861 | D:2      | Reached skill level 1 in Short Blades
   861 | D:2      | Reached skill level 1 in Long Blades
   861 | D:2      | Reached skill level 1 in Axes
   861 | D:2      | Reached skill level 1 in Maces & Flails
   861 | D:2      | Reached skill level 1 in Staves
   861 | D:2      | Reached skill level 1 in Slings
   861 | D:2      | Reached skill level 1 in Bows
   861 | D:2      | Reached skill level 1 in Crossbows
   861 | D:2      | Reached skill level 1 in Throwing
   861 | D:2      | Reached skill level 1 in Stealth
   861 | D:2      | Reached skill level 1 in Shields
   861 | D:2      | Reached skill level 1 in Unarmed Combat
   861 | D:2      | Reached skill level 1 in Invocations
   861 | D:2      | Reached skill level 1 in Evocations
   861 | D:2      | Reached XP level 4. HP: 29/38 MP: 11/11
   873 | D:2      | Noticed Terence
   888 | D:2      | Killed Terence
   888 | D:2      | Reached skill level 1 in Conjurations
   888 | D:2      | Reached skill level 1 in Hexes
   888 | D:2      | Reached skill level 1 in Summonings
   888 | D:2      | Reached skill level 1 in Necromancy
   888 | D:2      | Reached skill level 1 in Translocations
   888 | D:2      | Reached skill level 1 in Transmutations
   888 | D:2      | Reached skill level 1 in Fire Magic
   888 | D:2      | Reached skill level 1 in Ice Magic
   888 | D:2      | Reached skill level 1 in Air Magic
   888 | D:2      | Reached skill level 1 in Earth Magic
   888 | D:2      | Reached skill level 1 in Poison Magic
  1573 | D:3      | Reached XP level 5. HP: 18/43 MP: 1/12
  2114 | D:3      | Mangled by a gnoll

Levels and vault maps discovered:
D:1:      onia_arrival_mini_spirals, layout_basic, minmay_misc_feat_diagonals,
          minmay_pentomino_o2
D:2:      layout_basic, first_ration, uniq_terence
D:3:      layout_basic

Skill      XL: |  1  2  3  4  5 |
---------------+----------------+-----
Spellcasting   | 5 |  5.2
Short Blades   | 1 |  1.4
Long Blades    | 1 |  1.4
Axes           | 1 |  1.4
Maces & Flails | 1 |  1.4
Staves         | 1 |  1.4
Slings         | 1 |  1.4
Bows           | 1 |  1.4
Crossbows      | 1 |  1.4
Throwing       | 1 |  1.4
Stealth        | 1 |  1.4
Shields        | 1 |  1.4
Unarmed Combat | 1 |  1.4
Invocations    | 1 |  1.6
Evocations     | 1 |  1.4
Conjurations   | 1 |  1.1
Hexes          | 1 |  1.1
Summonings     | 1 |  1.1
Necromancy     | 1 |  1.1
Translocations | 1 |  1.1
Transmutations | 1 |  1.1
Fire Magic     | 1 |  1.1
Ice Magic      | 1 |  1.1
Air Magic      | 1 |  1.1
Earth Magic    | 1 |  1.1
Poison Magic   | 1 |  1.1
Armour         | 3 |  3.0
Fighting       | |  4.8
Polearms       | |  4.8
Dodging        | |  4.8
Charms         | |  5.5

Action                   |  1- 3 |  4- 6 || total
-------------------------+-------+-------++-------
Melee: Spear             |   103 |   121 ||   224
       Bite              |     8 |    13 ||    21
       Punch             |       |     2 ||     2
 Cast: Spectral Weapon   |       |     4 ||     4
       Regeneration      |       |     3 ||     3
  Use: Potion            |       |     1 ||     1
 Stab: Sleeping          |     2 |     1 ||     3
  Eat: Chunk             |       |     5 ||     5
Armor: Leather armour    |    15 |    22 ||    37
Dodge: Dodged            |    62 |    79 ||   141

Table legend:
 A = Non-vault XP
 B = Vault XP
 C = Vault XP percentage of total XP
 D = Non-vault monster count
 E = Vault monster count
 F = Vault count percentage of total count
                 A         B        C        D         E       F
            +---------+---------+-------+---------+---------+-------
      Total |     194 |      42 |  17.8 |      55 |       3 |   5.2
            +---------+---------+-------+---------+---------+-------
        D:1 |      36 |       4 |  10.0 |      23 |       2 |   8.0
        D:2 |      67 |      38 |  36.2 |      10 |       1 |   9.1
        D:3 |      91 |       0 |   0.0 |      22 |       0 |   0.0
            +---------+---------+-------+---------+---------+-------
